General information
- name: BNet
- type: Ladder team game (AT/RT)
- host: Battle.net
- saver:
map: LastManStanding
- players: 8
- length: 18:35
- speed: Fast
- version: 1.26 W3XP
- replay type: Public
» download(126 KB)
Players
team 1 (winner)
iambeea (
green | 27 APM | 481 actions | 17:45)
5 Paladin
3 Holy Light
2 Divine Shield
» actions
| Basic commands | 24 | |
| Build / train | 54 | |
| Enter build submenu | 18 | |
| Enter hero's abilities submenu | 5 | |
| Remove unit from queue | 1 | |
| Right click | 179 | |
| Select / deselect | 143 | |
| Use ability | 57 | |
481 total
» units
| Peasant | 16 | |
| Footman | 5 | |
| Knight | 11 | |
| Goblin Sapper | 1 | |
33 total
» upgrades
| Defend | 1 | |
| Plating | 4 | |
| Swords | 3 | |
| Lumber Harvesting | 2 | |
10 total
» buildings
| Altar of Kings | 1 | |
| Farm | 9 | |
| Barracks | 2 | |
| Keep | 1 | |
| Town Hall | 2 | |
| Castle | 1 | |
| Blacksmith | 1 | |
| Lumber Mill | 2 | |
| Arcane Vault | 1 | |
20 total
» build order
00:21 Altar of Kings
00:37 Farm
00:52 Barracks
01:14 Farm
01:50 Farm
02:00 Barracks
02:30 Farm
03:48 Keep
04:35 Farm
05:29 Town Hall
06:15 Castle
06:20 Blacksmith
07:12 Lumber Mill
07:48 Farm
08:31 Arcane Vault
08:35 Farm
08:42 Lumber Mill
09:58 Farm
12:42 Farm
15:39 Town Hall
» items
| Potion of Mana | 1 | |
| Potion of Healing | 1 | |
2 total

»
Bashiok (
red | 46 APM | 853 actions | 18:35)
2 Dark Ranger
1 Black Arrow
1 Life Drain
» actions
| Assign group hotkey | 87 | |
| Basic commands | 91 | |
| Build / train | 53 | |
| ESC pressed | 3 | |
| Enter build submenu | 31 | |
| Enter hero's abilities submenu | 2 | |
| Give item / drop item | 1 | |
| Right click | 174 | |
| Select / deselect | 179 | |
| Select group hotkey | 179 | |
| Use ability | 53 | |
853 total
» units
| Peasant | 16 | |
| Goblin Shredder | 1 | |
| Gryphon Rider | 10 | |
27 total
» upgrades
| Masonry | 3 | |
| Swords | 3 | |
| Lumber Harvesting | 2 | |
| Armor | 3 | |
| Animal War Training | 1 | |
| Storm Hammers | 1 | |
13 total
» buildings
| Altar of Kings | 1 | |
| Scout Tower | 7 | |
| Farm | 10 | |
| Arcane Tower | 1 | |
| Lumber Mill | 2 | |
| Arcane Vault | 1 | |
| Keep | 1 | |
| Blacksmith | 1 | |
| Barracks | 1 | |
| Castle | 1 | |
| Guard Tower | 2 | |
| Gryphon Aviary | 3 | |
| Town Hall | 2 | |
33 total
» build order
00:34 Altar of Kings
00:47 Scout Tower
01:09 Farm
01:16 Arcane Tower
01:22 Lumber Mill
01:52 Arcane Vault
03:06 Keep
03:23 Farm
03:27 Farm
03:30 Farm
03:57 Blacksmith
04:15 Barracks
05:00 Farm
05:30 Castle
05:44 Scout Tower
07:05 Guard Tower
07:36 Gryphon Aviary
08:27 Gryphon Aviary
08:58 Gryphon Aviary
09:15 Lumber Mill
09:56 Farm
10:01 Farm
13:31 Farm
13:31 Farm
13:33 Farm
16:48 Town Hall
16:51 Town Hall
16:53 Scout Tower
16:54 Scout Tower
16:56 Scout Tower
16:57 Scout Tower
17:00 Scout Tower
17:47 Guard Tower
» items
| Lesser Clarity Potion | 2 | |
| Scroll of Regeneration | 1 | |
| Orb of Fire | 1 | |
| Staff of Sanctuary | 1 | |
5 total
zhengwu (
purple | 24 APM | 445 actions | 18:35)
2 Priestess of the Moon
1 Trueshot Aura
1 Searing Arrows
1 Goblin Alchemist
1 Acid Bomb
» actions
| Assign group hotkey | 2 | |
| Build / train | 58 | |
| Enter build submenu | 28 | |
| Enter hero's abilities submenu | 3 | |
| Right click | 194 | |
| Select / deselect | 126 | |
| Select group hotkey | 3 | |
| Use ability | 31 | |
445 total
» units
| Wisp | 38 | |
| Archer | 7 | |
| Huntress | 4 | |
| Glaive Thrower | 2 | |
51 total
» buildings
| Ancient of War | 1 | |
| Altar of Elders | 1 | |
| Moon Well | 5 | |
| Hunter's Hall | 1 | |
| Ancient Protector | 16 | |
| Tree of Life | 1 | |
| Tree of Ages | 1 | |
| Ancient of Wonders | 1 | |
27 total
» build order
00:26 Ancient of War
00:51 Altar of Elders
00:55 Moon Well
02:12 Moon Well
02:32 Hunter's Hall
03:43 Ancient Protector
04:12 Moon Well
04:25 Moon Well
05:45 Tree of Life
06:44 Moon Well
08:47 Tree of Ages
08:54 Ancient of Wonders
09:47 Ancient Protector
09:52 Ancient Protector
09:57 Ancient Protector
10:01 Ancient Protector
12:34 Ancient Protector
12:38 Ancient Protector
13:48 Ancient Protector
15:03 Ancient Protector
15:57 Ancient Protector
16:05 Ancient Protector
16:09 Ancient Protector
16:15 Ancient Protector
16:53 Ancient Protector
17:08 Ancient Protector
18:05 Ancient Protector
c0nvict (
pink | 55 APM | 993 actions | 18:02)
4 Paladin
2 Holy Light
1 Devotion Aura
1 Divine Shield
» actions
| Assign group hotkey | 21 | |
| Basic commands | 17 | |
| Build / train | 98 | |
| Enter build submenu | 33 | |
| Enter hero's abilities submenu | 4 | |
| Give item / drop item | 1 | |
| Right click | 378 | |
| Select / deselect | 282 | |
| Select group hotkey | 68 | |
| Use ability | 91 | |
993 total
» units
| Peasant | 17 | |
| Footman | 9 | |
| Razormane Medicine Man | 9 | |
| Goblin Shredder | 5 | |
| Gryphon Rider | 4 | |
| Siege Engine | 3 | |
47 total
» upgrades
| Masonry | 1 | |
| Defend | 1 | |
| Swords | 2 | |
| Armor | 2 | |
| Storm Hammers | 1 | |
| Animal War Training | 1 | |
8 total
» buildings
| Farm | 15 | |
| Altar of Kings | 1 | |
| Barracks | 1 | |
| Lumber Mill | 1 | |
| Arcane Vault | 1 | |
| Town Hall | 1 | |
| Scout Tower | 4 | |
| Keep | 4 | |
| Blacksmith | 1 | |
| Guard Tower | 7 | |
| Gryphon Aviary | 4 | |
| Castle | 4 | |
| Workshop | 1 | |
45 total
» build order
00:48 Farm
01:00 Altar of Kings
01:06 Barracks
01:30 Farm
01:55 Lumber Mill
02:06 Farm
02:13 Farm
02:26 Farm
02:57 Arcane Vault
03:05 Farm
03:17 Farm
04:54 Town Hall
05:13 Farm
05:23 Farm
07:34 Scout Tower
07:37 Keep
07:37 Keep
07:37 Keep
07:50 Farm
07:53 Blacksmith
08:14 Scout Tower
08:20 Farm
08:29 Guard Tower
08:50 Guard Tower
08:50 Guard Tower
11:04 Gryphon Aviary
11:09 Gryphon Aviary
11:27 Farm
11:29 Castle
11:29 Castle
11:34 Gryphon Aviary
12:33 Gryphon Aviary
12:44 Workshop
12:48 Farm
12:53 Farm
14:22 Farm
14:26 Scout Tower
14:29 Scout Tower
15:01 Guard Tower
15:01 Guard Tower
» items
team 2 (loser)

»
KeepOnFighting (
blue | 48 APM | 892 actions | 18:35)
3 Death Knight
1 Death Coil
2 Unholy Aura
3 Lich
1 Frost Nova
2 Frost Armor
2 Crypt Lord
1 Impale
1 Spiked Carapace
» actions
| Assign group hotkey | 17 | |
| Basic commands | 36 | |
| Build / train | 46 | |
| ESC pressed | 9 | |
| Enter build submenu | 18 | |
| Enter hero's abilities submenu | 8 | |
| Give item / drop item | 3 | |
| Right click | 261 | |
| Select / deselect | 200 | |
| Select group hotkey | 249 | |
| Use ability | 45 | |
892 total
» units
| Acolyte | 7 | |
| Ghoul | 3 | |
| Frost Wyrm | 6 | |
16 total
» upgrades
| Creature Attack | 3 | |
| Ghoul Frenzy | 1 | |
| Freezing Breath | 1 | |
| Creature Carapace | 1 | |
6 total
» buildings
| Crypt | 1 | |
| Ziggurat | 8 | |
| Altar of Darkness | 1 | |
| Graveyard | 1 | |
| Halls of the Dead | 1 | |
| Tomb of Relics | 1 | |
| Black Citadel | 1 | |
| Sacrificial Pit | 1 | |
| Boneyard | 2 | |
| Necropolis | 1 | |
18 total
» build order
00:09 Crypt
00:11 Ziggurat
00:41 Altar of Darkness
01:14 Graveyard
02:24 Halls of the Dead
02:47 Ziggurat
02:58 Tomb of Relics
06:01 Black Citadel
06:04 Ziggurat
06:07 Sacrificial Pit
07:15 Ziggurat
09:05 Boneyard
09:22 Boneyard
11:17 Necropolis
11:26 Ziggurat
11:30 Ziggurat
16:29 Ziggurat
16:30 Ziggurat
» items
| Rod of Necromancy | 1 | |
| Orb of Corruption | 2 | |
| Sacrificial Skull | 1 | |
| Scroll of Regeneration | 1 | |
| Potion of Healing | 3 | |
| Scroll of Town Portal | 1 | |
| Scroll of Healing | 1 | |
| Orb of Fire | 1 | |
11 total

»
FIashbang_omnix (
teal | 50 APM | 928 actions | 18:35)
3 Archmage
2 Blizzard
1 Brilliance Aura
» actions
| Assign group hotkey | 13 | |
| Basic commands | 19 | |
| Build / train | 42 | |
| Enter build submenu | 18 | |
| Enter hero's abilities submenu | 4 | |
| Give item / drop item | 1 | |
| Right click | 329 | |
| Select / deselect | 314 | |
| Select group hotkey | 141 | |
| Use ability | 47 | |
928 total
» units
| Peasant | 8 | |
| Centaur Outrunner | 1 | |
| Harpy Rogue | 1 | |
| Goblin Shredder | 1 | |
| Mortar Team | 7 | |
| Goblin Zeppelin | 4 | |
22 total
» upgrades
| Gunpowder | 3 | |
| Flare | 1 | |
| Fragmentation Shards | 1 | |
| Armor | 3 | |
8 total
» buildings
| Altar of Kings | 1 | |
| Lumber Mill | 1 | |
| Farm | 8 | |
| Arcane Vault | 1 | |
| Keep | 1 | |
| Scout Tower | 2 | |
| Blacksmith | 1 | |
| Arcane Tower | 1 | |
| Guard Tower | 1 | |
| Workshop | 2 | |
| Castle | 1 | |
20 total
» build order
00:18 Altar of Kings
00:25 Lumber Mill
02:03 Farm
02:06 Farm
02:44 Arcane Vault
03:23 Keep
03:26 Scout Tower
03:31 Scout Tower
03:43 Blacksmith
04:34 Arcane Tower
04:34 Guard Tower
04:43 Farm
04:45 Farm
04:48 Farm
04:51 Farm
04:53 Farm
06:02 Workshop
06:05 Workshop
07:04 Castle
07:10 Farm
» items
| Lesser Clarity Potion | 2 | |
| Potion of Healing | 1 | |
| Scroll of Regeneration | 1 | |
4 total

»
SparklePony (
orange | 110 APM | 2038 actions | 18:35)
4 Mountain King
2 Storm Bolt
2 Thunder Clap
» actions
| Assign group hotkey | 57 | |
| Basic commands | 54 | |
| Build / train | 74 | |
| ESC pressed | 2 | |
| Enter build submenu | 47 | |
| Enter hero's abilities submenu | 4 | |
| Remove unit from queue | 1 | |
| Right click | 773 | |
| Select / deselect | 468 | |
| Select group hotkey | 496 | |
| Use ability | 59 | |
2038 total
» units
| Peasant | 18 | |
| Footman | 9 | |
| Centaur Outrunner | 1 | |
| Flying Machine | 5 | |
33 total
» upgrades
| Gunpowder | 2 | |
| Lumber Harvesting | 1 | |
| Masonry | 2 | |
| Flak Cannons | 1 | |
| Flying Machine Bombs | 1 | |
| Plating | 1 | |
8 total
» buildings
| Altar of Kings | 1 | |
| Barracks | 1 | |
| Farm | 5 | |
| Lumber Mill | 2 | |
| Arcane Vault | 2 | |
| Scout Tower | 18 | |
| Guard Tower | 9 | |
| Keep | 2 | |
| Arcane Tower | 6 | |
| Blacksmith | 1 | |
| Town Hall | 1 | |
| Workshop | 6 | |
| Castle | 1 | |
55 total
» build order
00:03 Altar of Kings
00:09 Barracks
00:30 Farm
01:07 Lumber Mill
01:24 Farm
02:45 Arcane Vault
03:03 Farm
03:31 Farm
05:01 Scout Tower
05:24 Scout Tower
05:34 Scout Tower
05:36 Scout Tower
05:39 Guard Tower
05:42 Keep
05:42 Keep
05:53 Arcane Tower
05:54 Scout Tower
06:04 Arcane Vault
06:18 Guard Tower
06:26 Blacksmith
06:41 Scout Tower
06:57 Scout Tower
07:10 Guard Tower
07:13 Scout Tower
07:23 Scout Tower
07:25 Guard Tower
07:41 Arcane Tower
07:44 Scout Tower
07:56 Scout Tower
07:58 Arcane Tower
07:58 Arcane Tower
08:16 Guard Tower
08:26 Guard Tower
09:07 Town Hall
09:22 Lumber Mill
10:25 Farm
10:35 Scout Tower
10:39 Scout Tower
10:40 Scout Tower
10:42 Scout Tower
10:45 Scout Tower
11:14 Guard Tower
11:17 Arcane Tower
11:18 Guard Tower
11:23 Scout Tower
11:32 Scout Tower
11:57 Workshop
12:00 Workshop
12:05 Arcane Tower
12:05 Guard Tower
13:11 Castle
14:26 Workshop
14:27 Workshop
18:08 Workshop
18:12 Workshop
» items
| Scroll of Regeneration | 3 | |
| Orb of Fire | 1 | |
| Potion of Healing | 1 | |
| Scroll of Town Portal | 1 | |
6 total
bonerfartz (
yellow | 61 APM | 1141 actions | 18:35)
4 Dark Ranger
2 Black Arrow
2 Life Drain
» actions
| Assign group hotkey | 496 | |
| Basic commands | 3 | |
| Build / train | 58 | |
| Enter build submenu | 24 | |
| Enter hero's abilities submenu | 4 | |
| Right click | 258 | |
| Select / deselect | 167 | |
| Select group hotkey | 79 | |
| Use ability | 52 | |
1141 total
» units
| Peasant | 14 | |
| Footman | 8 | |
| Spell Breaker | 8 | |
| Sorceress | 5 | |
| Priest | 3 | |
38 total
» upgrades
| Defend | 1 | |
| Swords | 3 | |
| Sorceress Training | 2 | |
| Priest Training | 2 | |
| Control Magic | 1 | |
| Plating | 1 | |
10 total
» buildings
| Altar of Kings | 1 | |
| Farm | 11 | |
| Barracks | 1 | |
| Arcane Vault | 1 | |
| Lumber Mill | 1 | |
| Keep | 1 | |
| Blacksmith | 1 | |
| Arcane Sanctum | 3 | |
| Castle | 1 | |
| Town Hall | 1 | |
| Scout Tower | 8 | |
30 total
» build order
00:10 Altar of Kings
00:23 Farm
00:38 Barracks
00:56 Farm
01:38 Arcane Vault
01:51 Farm
02:31 Farm
03:07 Lumber Mill
03:21 Farm
03:52 Keep
04:28 Farm
04:48 Blacksmith
06:50 Arcane Sanctum
06:56 Arcane Sanctum
07:23 Castle
07:45 Town Hall
09:57 Arcane Sanctum
11:31 Farm
11:34 Farm
14:04 Farm
14:05 Farm
15:47 Farm
15:57 Scout Tower
15:58 Scout Tower
15:58 Scout Tower
16:00 Scout Tower
16:02 Scout Tower
16:05 Scout Tower
16:07 Scout Tower
16:09 Scout Tower
» items
| Scroll of Regeneration | 2 | |
| Lesser Clarity Potion | 1 | |
3 total
Chat log
(00:04 / All) FIashbang_omnix: Hi guyws
(00:09 / Allies) iambeea: unitss?
(00:14 / All) c0nvict: STFU
(00:14 / All) FIashbang_omnix: I'm here to spread the word about our lord and savior jesus who is god.
(00:17 / All) Bashiok: cant believe blizz actually put this shitty map into the pool
(00:17 / All) KeepOnFighting: lol
(00:23 / All) KeepOnFighting: dont be mean kid
(00:28 / All) bonerfartz: rofl
(00:33 / All) SparklePony: this map
(00:34 / All) SparklePony: best map
(00:43 / All) Bashiok: only 3 expansions a side, lol
(00:47 / Allies) iambeea: anyway.... who's getting what
(00:52 / All) FIashbang_omnix: it's just kind of a weird taller slalom
(00:56 / All) SparklePony: expansions
(00:57 / All) SparklePony: ?
(00:58 / Allies) Bashiok: Yeah I'll get "what" if you want me to
(00:59 / All) SparklePony: what are those
(01:00 / All) bonerfartz: SCREW THE LORD!
(01:09 / All) FIashbang_omnix: yellow, don't be a SINNER.
(01:16 / All) FIashbang_omnix: or you'll disappoint jesus who is god.
(01:22 / All) FIashbang_omnix: and the power of the ormus maiden will haunt you forever.
(01:39 / All) Bashiok: I thought satan already killed god and smashed his corpse into the world trade center?
(01:42 / All) SparklePony: what is this, amateur hour?
(01:43 / All) FIashbang_omnix: it's a robot girl from my favorite anime
(01:50 / All) FIashbang_omnix: that my mom got a blow up doll of for my birthday.
(01:58 / All) bonerfartz: nice
(02:19 / Allies) iambeea: melee
(02:28 / Allies) Bashiok: air
(02:59 / All) bonerfartz: :(
(05:53 / Allies) Bashiok: lawl
(06:17 / Allies) zhengwu: i dot want money
(06:31 / Allies) zhengwu: help you
(06:45 / Allies) c0nvict: U TAKJE MY SHIT MAN
(06:49 / Allies) Bashiok: pink why are you killing my shredder
(06:53 / Allies) Bashiok: get over it you freak
(07:51 / Allies) zhengwu: see
(11:44 / Allies) zhengwu: help you
(12:49 / All) Bashiok: HEY PINK
(12:51 / All) Bashiok: HOWS IT GOING MAN?
(13:03 / Allies) iambeea: ...
(13:11 / Allies) Bashiok: he killed my shit five minutes ago
(13:22 / Allies) c0nvict: FEEL BETTER NOW
(13:27 / All) Bashiok: YEAH I DO PINK LAWL
(13:40 / Allies) iambeea: frost
(13:46 / All) FIashbang_omnix: this took way too long for me to do
(13:47 / All) FIashbang_omnix: but uh
(13:48 / All) FIashbang_omnix: yeah
(13:53 / Allies) zhengwu: .
(14:07 / Allies) zhengwu: can you be my friend?
(15:21 / Allies) iambeea: smh
(15:22 / Allies) zhengwu: .
(15:35 / Allies) zhengwu: can you b my friend?
(16:44 / Allies) zhengwu: i am mad
(16:56 / Allies) iambeea: no point to this one -.-
(17:09 / Allies) zhengwu: .
(17:12 / Allies) Bashiok: you can thank pink for this loss
(17:21 / Allies) Bashiok: he stabbed me first
(18:24 / All) Bashiok: k re?
(18:32 / All) FIashbang_omnix: ok